 Dungeon Crawl Stone Soup version 0.17.1-1-g73c8601 (webtiles) character file.

95 Cherryjuice the Sneak (level 4, -2/23 HPs)
             Began as a Spriggan Assassin on Dec 31, 2015.
             Killed from afar by an orc wizard (7 damage)
             ... with a magic dart
             ... on level 3 of the Dungeon.
             The game lasted 00:04:06 (2538 turns).

Cherryjuice the Sneak (Spriggan Assassin)           Turns: 2538, Time: 00:04:06

Health: -2/23      AC:  3    Str:  7    XL:     4   Next: 40%
Magic:  5/5        EV: 18    Int: 12    God:
Gold:   168        SH:  0    Dex: 18    Spells: 0 memorised, 3 levels left

rFire  . . .     SeeInvis +     a - +2 dagger
rCold  . . .     Clarity  .     c - +0 robe
rNeg   . . .     SustAt   .     (shield restricted)
rPois  .         Gourm    .     (helmet restricted)
rElec  .         Spirit   .     d - +0 cloak
rCorr  .         Warding  .     (gloves unavailable)
rMut   .         Stasis   .     (boots unavailable)
MR     .....                    (no amulet)
Stlth  ++++......               (no ring)
                                (no ring)

@: very quick, not resistant to hostile enchantments, stealthy
A: unfitting armour, see invisible, herbivore 3, speed 3, slow metabolism 2
a: no special abilities


You were on level 3 of the Dungeon.
You were not hungry.

You visited 1 branch of the dungeon, and saw 3 of its levels.

You collected 168 gold pieces.

Inventory:

Hand Weapons
 a - a +2 dagger (weapon)
 b - a +0 blowgun
Missiles
 e - 20 poisoned needles
 f - 2 curare-tipped needles
 o - 5 needles of paralysis
Armour
 c - a +0 robe (worn)
 d - a +0 cloak (worn)
Jewellery
 p - an uncursed ring of flight {unknown}
 q - a cursed ring of teleportation {unknown}
Scrolls
 j - 3 scrolls of remove curse {unknown}
 k - a scroll of random uselessness {unknown}
 l - 3 scrolls of identify {unknown}
 m - 2 scrolls of teleportation {unknown}
 n - 2 scrolls of recharging {unknown}
Potions
 h - a potion of might {unknown}
 i - 3 potions of curing {unknown}
 r - 2 potions of mutation {unknown}
Comestibles
 g - 4 bread rations


   Skills:
 + Level 1.7 Fighting
 + Level 2.8 Short Blades
 + Level 2.3 Throwing
 + Level 2.4 Dodging
 + Level 7.9 Stealth


You had 3 spell levels left.
You didn't know any spells.

Dungeon Overview and Level Annotations

Branches:
Dungeon (3/15)

Altars:
Gozag
Makhleb
Yredelemnul
The Shining One


Innate Abilities, Weirdness & Mutations

You are tiny and cannot use many weapons and most armour.
You have supernaturally acute eyesight.
You are a herbivore.
You cover ground extremely quickly.
You need consume almost no food.


Message History

You barely miss the orc wizard.
The orc wizard is severely wounded.
The orc wizard hits you but does no damage.
You hit the orc wizard but do no damage.
The orc wizard is severely wounded.
The orc wizard hits you but does no damage.
You closely miss the orc wizard.
The orc wizard is severely wounded.
The orc wizard hits you with a dagger.
* * * LOW HITPOINT WARNING * * *
You closely miss the orc wizard.
The orc wizard is severely wounded.
You hit the orc wizard.
The orc wizard is almost dead.
The orc wizard closely misses you.
You miss the orc wizard.
The orc wizard is almost dead.
The orc wizard casts a spell at you. The magic dart hits you!
You die...

## ######. .......#########
##.. ## #oo.o...)o#
####....# .# #########o#
##<...# .###############@#
###..####
.................###)..##
##.####.########.....###
#.## #..# #....####
##..####.#
##......#########
.........#
###.#..#.....)...##
.........#
###...##....######...
..##+##..#
##...######......##..P ..#
#..###..#####..............


You could see an orc priest and an orc wizard (invisible).

Vanquished Creatures
  Ijyb (D:2)
  2 adders (D:3)
  2 worms
  An orc (D:3)
  A ball python (D:2)
  6 hobgoblins
  2 jackals (D:1)
  2 quokkas
  9 bats
  2 giant cockroaches (D:2)
  2 giant geckos (D:1)
  3 giant newts
  7 kobolds
  3 rats
43 creatures vanquished.

Notes
Turn   | Place    | Note
--------------------------------------------------------------
     0 | D:1      | Cherryjuice the Spriggan Assassin began the quest for the Orb.
     0 | D:1      | Reached XP level 1. HP: 10/10 MP: 2/2
   227 | D:1      | Reached skill level 6 in Stealth
   355 | D:1      | Reached XP level 2. HP: 14/14 MP: 3/3
  1705 | D:2      | Noticed Ijyb
  1708 | D:2      | Killed Ijyb
  1708 | D:2      | Reached skill level 7 in Stealth
  1708 | D:2      | Reached XP level 3. HP: 12/18 MP: 4/4
  1785 | D:2      | Found a burning altar of Makhleb.
  1857 | D:2      | Found an opulent altar of Gozag.
  1952 | D:2      | Found a glowing golden altar of the Shining One.
  2143 | D:3      | Found a basalt altar of Yredelemnul.
  2185 | D:3      | Reached XP level 4. HP: 22/22 MP: 5/5
  2538 | D:3      | Killed from afar by an orc wizard

Action                   |  1- 3 |  4- 6 || total
-------------------------+-------+-------++-------
Melee: Dagger            |    87 |    38 ||   125
 Stab: Sleeping          |    19 |     6 ||    25
